 Dungeon Crawl Stone Soup version 0.29.1-1-gd02db6906a (webtiles) character file.

Game seed: 17449036482229332489

6886 hawla the Arsonist (level 11, -5/82 HPs)
             Began as a Meteoran Fire Elementalist on Oct 3, 2022.
             Killed from afar by a lava snake (15 damage)
             ... with a glob of lava
             ... on level 8 of the Dungeon.
             The game lasted 00:20:36 (4252 turns).

hawla the Arsonist (Meteoran Fire Elementalist)     Turns: 4252, Time: 00:20:36

Health: -5/82      AC:  4    Str: 10    XL:     11   Next: 51%
Magic:  15/24      EV: 14    Int: 21    God:
Gold:   449        SH:  0    Dex: 15    Spells: 13/26 levels left

rFire   . . .      SeeInvis .   c - +7 Throatcutter {drain, coup de grace}
rCold   . . .      Faith    .   (no shield)
rNeg    . . .      Spirit   .   a - +1 robe
rPois   .          Reflect  .   (no helmet)
rElec   .          Harm     .   h - +0 cloak
rCorr   .          Rampage  .   (no gloves)
Will    +....                   (no boots)
Stlth   +.........              (no amulet)
HPRegen 0.23/turn               (no ring)
MPRegen 0.19/turn               (no ring)

@: marked, glowing
A: sense surroundings 2, otherworldly, glowing, explore regen
a: no special abilities


You were on level 8 of the Dungeon.
You visited 2 branches of the dungeon, and saw 9 of its levels.

You collected 449 gold pieces.

Inventory:

Hand Weapons
 c - the +7 Throatcutter (weapon) {drain, coup de grace}
   (You found it on level 3 of the Dungeon)

   A truly terrible weapon, it drains the life of any living foe it strikes.
   It may instantly kill foes which have little health.
Armour
 a - a +1 robe (worn)
 h - a +0 cloak (worn)
Wands
 b - a wand of charming (10)
 f - a wand of flame (45)
 i - a wand of digging (3)
 j - a wand of roots (4)
Scrolls
 d - 4 scrolls of enchant weapon
 n - 2 scrolls of teleportation
 o - 2 scrolls of enchant armour
 s - a scroll of noise {unknown}
 t - a scroll of silence {unknown}
 v - a scroll of torment {unknown}
 x - 3 scrolls of amnesia {unknown}
Potions
 e - a potion of mutation {unknown}
 g - a potion of flight
 m - a potion of heal wounds
 p - 2 potions of curing
 q - a potion of haste
 r - a potion of magic
 u - a potion of brilliance


   Skills:
 + Level 3.0 Fighting
 + Level 5.6 Long Blades
 + Level 4.7 Dodging
 - Level 1.4 Stealth
 + Level 8.0 Spellcasting
 + Level 12.0 Conjurations
 + Level 2.9 Necromancy
 + Level 12.3 Fire Magic
 + Level 3.4 Ice Magic


You had 13 spell levels left.
You knew the following spells:

 Your Spells              Type           Power      Damage    Failure   Level
a - Foxfire               Conj/Fire      100%       2x1d9     1%          1
b - Scorch                Fire           100%       2d10      1%          2
c - Flame Wave            Conj/Fire      56%        2d13      1%          4
d - Vampiric Draining     Necr           20%        2d7       7%          3
e - Frozen Ramparts       Ice            44%        1d7       6%          3

Your spell library contained the following spells:

 Spells                   Type           Power      Damage    Failure   Level
 Freeze                   Ice            88%        1d10      1%          1
 Conjure Flame            Conj/Fire      56%        6-21      1%          3
 Inner Flame              Hex/Fire       34%        N/A       1%          3
 Necrotise                Necr           80%        1d8       2%          1
 Hailstorm                Conj/Ice       40%        3d10      3%          4
 Sting                    Tmut/Pois      32%        1d4       8%          1
 Poisonous Vapours        Pois/Air       16%        N/A       12%         2
 Agony                    Necr           20%        N/A       54%         5
 Olgreb's Toxic Radiance  Pois           8%         N/A       61%         4
 Summon Forest            Summ/Tloc      4%         N/A       91%         5
 Eringya's Noxious Bog    Tmut/Pois      4%         N/A       100%        6
 Summon Hydra             Summ           4%         N/A       100%        7


Dungeon Overview and Level Annotations

Branches:
Dungeon (8/15) Zot: 612    Temple (1/1) D:7 Zot: 482
   Lair: D:8-11

Altars:
Ashenzari
Cheibriados
Dithmenos
Fedhas
Gozag
Hepliaklqana
Kikubaaqudgha
Makhleb
Nemelex Xobeh
Okawaru
Qazlal
Ru
Sif Muna
Uskayaw
Wu Jian
Yredelemnul
Zin
The Shining One

Shops:
D:4 [[

Annotations:
D:7 1 runed translucent door, Crazy Yiuf


Innate Abilities, Weirdness & Mutations

You passively map the area around you.
You are easily found by Zot.
You glow in the dark.
You regain HP and MP as you explore.


Message History

You kill the bullfrog!
Unknown command.
A lava snake comes into view.
The shadow slips into darkness.
The shadow flickers and vanishes!
Deactivating autopickup; reactivate with Ctrl-A.
You see here a wyvern corpse.
You slice the bullfrog!! You drain the bullfrog!
You kill the bullfrog!
An ice beast comes into view.
The shadow strikes at you from the darkness!
Reactivating autopickup.
There are monsters nearby!
There are monsters nearby!
There are monsters nearby!
You hit the shadow but do no damage. The shadow hits you.
You slash the shadow!
The shadow is moderately damaged.
The shadow closely misses you. The shadow hits you!
You hit the shadow.
The shadow is moderately damaged.
The shadow slips into darkness.
The shadow flickers and vanishes!
Deactivating autopickup; reactivate with Ctrl-A.
Casting: Scorch (safe; 1% risk of failure)
Confirm with . or Enter, or press ? or * to list all spells.
Casting: Flame Wave (mildly dangerous; 1% risk of failure)
Press: ? - help, Dir - look around, f - activate A wave of flame ripples out!
The flame wave engulfs something. (Press . to intensify the flame waves.)
The lava snake spits lava at you. The glob of lava hits you!
The shadow strikes at you from the darkness!
* * * LOW HITPOINT WARNING * * *
Reactivating autopickup.
As you read the scroll of summoning, it crumbles to dust.
Wisps of shadow whirl around you... The lava snake spits lava at you.
The glob of lava hits you!
You die...

.........# #.......... ,
.........# #...........,,
.........# #...........,
, .........# #...........
.........# #.....!.....
,, , .........#
##..o........, ,,
.........###>..§Y.o.o...
, ,
.........##†.†§oo≈≈.....
,
..............§§@.SY....
* *
.............$≈Woo≈≈.o..,
.....##..##...o§≈..≈o...
*
######..####._.≈§.$≈...#
,, *#..## #...≈≈[o≈..## ,
, #..# * ##§§§.§§≈.## **
, #..# *, .§≈..≈§..#* ,
#... , ..§≈..§≈§.. *, ,
... ,, ~ ,, ,,,


You could see an ice beast, a shadow (ally target), a lava snake (catching
breath, ally target), a friendly sky beast (summoned), a friendly orc priest
(summoned), 3 friendly orc wizards and 7 friendly orcs.

Vanquished Creatures
  Grinder (D:3)
  4 yaks (D:7)
  A wyvern (D:8)
  Menkaure (D:6)
  Duvessa (D:7)
  An ice beast (D:5)
  3 sky beasts (D:7)
  2 black bears
  A centaur (D:7)
  3 phantoms
  A kobold brigand (D:3)
  2 necrophages (D:6)
  4 bullfrogs
  2 scorpions
  9 wights (D:7)
  Dowan (D:7)
  A howler monkey (D:7)
  A hound (D:7)
  A jelly (D:6)
  An orc priest (D:3)
  Natasha (thrice) (D:3)
  2 iguanas
  3 orc wizards
  Robin (D:2)
  7 adders
  3 white imps
  An ufetubus (D:5)
  3 worms
  17 orcs
  11 endoplasms
  A giant cockroach (D:3)
  11 goblins
  7 hobgoblins
  5 jackals
  6 quokkas
  5 ball pythons
  4 bats
  A frilled lizard (D:3)
  7 kobolds
  6 rats
145 creatures vanquished.

Vanquished Creatures (others)
  119 foxfires
119 creatures vanquished.

Grand Total: 264 creatures vanquished

Notes
Turn   | Place    | Note
-------+----------+-------------------------------------------
     0 | D:1      | hawla the Meteoran Fire Elementalist began the quest for
                  | the Orb.
     0 | D:1      | Reached XP level 1. HP: 14/14 MP: 5/5
   115 | D:1      | Reached XP level 2. HP: 20/20 MP: 3/6
   118 | D:1      | Learned a level 2 spell: Scorch
   279 | D:1      | Found a faded altar of an unknown god.
   319 | D:1      | Reached XP level 3. HP: 19/26 MP: 0/8
   498 | D:1      | Glimpsed the power of Zot.
   805 | D:2      | Noticed Robin
  1049 | D:2      | Reached XP level 4. HP: 26/33 MP: 7/10
  1058 | D:1      | Learned a level 4 spell: Flame Wave
  1096 | D:2      | Glimpsed the power of Zot.
  1099 | D:2      | Killed Robin
  1152 | D:3      | Noticed Grinder
  1162 | D:3      | Paralysed by Grinder for 3 turns
  1206 | D:3      | Reached skill level 5 in Fire Magic
  1206 | D:3      | Reached XP level 5. HP: 29/38 MP: 0/11
  1317 | D:3      | Killed Grinder
  1318 | D:3      | Reached XP level 6. HP: 45/45 MP: 3/12
  1318 | D:3      | Reached XP level 7. HP: 50/50 MP: 3/13
  1566 | D:3      | Found the +7 Throatcutter {drain, coup de grace}
  1566 | D:3      | Noticed Natasha
  1570 | D:3      | Killed Natasha
  1573 | D:3      | HP: 1/50 [kobold brigand/+0 dagger (8)]
  1703 | D:3      | Noticed Natasha
  1710 | D:3      | Killed Natasha
  1746 | D:3      | Noticed Natasha
  1759 | D:3      | Killed Natasha
  1833 | D:4      | Found Cuafrupo's Armour Shop.
  2120 | D:4      | Reached XP level 8. HP: 57/57 MP: 11/15
  2134 | D:4      | Found Vatuasap's Antique Armour Boutique.
  2204 | D:4      | Reached skill level 1 in Long Blades
  2204 | D:4      | Reached skill level 5 in Conjurations
  2263 | D:4      | Glimpsed the power of Zot.
  2278 | D:5      | Entered Level 5 of the Dungeon
  2339 | D:5      | Found a burning altar of Makhleb.
  2339 | D:5      | Found a shadowy altar of Dithmenos.
  2856 | D:5      | Glimpsed the power of Zot.
  2895 | D:6      | Reached skill level 1 in Fighting
  2896 | D:6      | Reached skill level 5 in Spellcasting
  2937 | D:6      | Found a hazy altar of Hepliaklqana.
  3155 | D:6      | Gained mutation: You passively map the area around you.
                  | [Meteoran growth]
  3155 | D:6      | Reached XP level 9. HP: 64/64 MP: 13/18
  3183 | D:6      | Noticed Menkaure
  3187 | D:6      | HP: 2/64 [Menkaure (20)]
  3188 | D:6      | Killed Menkaure
  3361 | D:6      | Learned a level 3 spell: Vampiric Draining
  3436 | D:6      | Reached skill level 1 in Necromancy
  3454 | D:6      | Glimpsed the power of Zot.
  3506 | D:7      | Identified the +8 hammer of Charity {antimagic, Int+4}
  3511 | D:7      | Found a runed translucent door.
  3512 | D:7      | Noticed Crazy Yiuf
  3551 | D:7      | Learned a level 3 spell: Frozen Ramparts
  3563 | D:7      | Reached skill level 1 in Ice Magic
  3612 | D:7      | Found a staircase to the Ecumenical Temple.
  3635 | Temple   | Entered the Ecumenical Temple
  3887 | D:7      | Reached XP level 10. HP: 40/74 MP: 5/22
  3975 | D:7      | Reached skill level 5 in Long Blades
  3976 | D:7      | Noticed Duvessa
  3981 | D:7      | Noticed Dowan
  3982 | D:7      | Reached skill level 10 in Fire Magic
  3984 | D:7      | Killed Duvessa
  3988 | D:7      | Killed Dowan
  4165 | D:7      | Glimpsed the power of Zot.
  4230 | D:8      | Reached XP level 11. HP: 82/82 MP: 24/24
  4231 | D:8      | Found a stormy altar of Qazlal.
  4252 | D:8      | Killed from afar by a lava snake

Illustrated notes

Levels and vault maps discovered:
D:1:      minmay_arrival_four_houses, layout_rooms,
          shapermc_ecumenical_altar_mp_ritualfount, minmay_rat_gold_closets
D:2:      layout_basic, uniq_robin
D:3:      layout_rooms, tgw_xom, chequers_serial_rivers_large_b,
          dilly_guarded_unrand_throatcut, uniq_natasha, uniq_grinder
D:4:      layout_basic, serial_shops, nicolae_shop_hallway_plus,
          nicolae_shop_stone
D:5:      layout_basic, gammafunk_temple_overflow_statue, serial_shops, shop
D:6:      nicolae_cairo_tiling_large, layout_basic,
          mainiacjoe_overflow_boulevard, uniq_menkaure
D:7:      layout_basic, minmay_temple_entry_water_ring, minmay_misc_feat_iff,
          uniq_crazy_yiuf_cottage, uniq_duvessa
D:8:      layout_cave_pods, mainiacjoe_overflow_catch_the_wave
Temple:   nicolae_temple_two_arcs

Skill      XL: |  1  2  3  4  5  6  7  8  9 10 |
---------------+-------------------------------+-----
Fire Magic     | 4 5 6 7 8 9 12 | 12.3
Spellcasting   | 3 4 5 7 8 |  8.0
Conjurations   | 2 4 5 12 | 12.0
Long Blades    | 3 4 5 |  5.6
Dodging        | 3 4 |  4.7
Fighting       | 1 2 3 |  3.0
Necromancy     | 2 |  2.9
Ice Magic      | 3 |  3.4
Stealth        | |  1.4

Action                   |  1- 3 |  4- 6 |  7- 9 | 10-12 || total
-------------------------+-------+-------+-------+-------++-------
Melee: Unarmed           |    11 |     9 |       |       ||    20
       Long sword        |       |       |    60 |    22 ||    82
       Punch             |       |       |     2 |     1 ||     3
 Cast: Foxfire           |    28 |    24 |    19 |       ||    71
       Scorch            |    26 |    11 |    28 |     2 ||    67
       Flame Wave        |       |     1 |    18 |     7 ||    26
       Frozen Ramparts   |       |       |     2 |       ||     2
  Use: Scroll            |     3 |     3 |     8 |     4 ||    18
       Potion            |     1 |       |     2 |     1 ||     4
 Stab: Sleeping          |       |       |     1 |       ||     1
Armor: Robe              |     8 |     4 |    26 |     3 ||    41
Dodge: Dodged            |    19 |    11 |    64 |    14 ||   108
